 Dungeon Crawl Stone Soup version 0.22-a0-422-g9628fc8 (webtiles) character file.

110853 4thArraOfDagon the Scorcher (level 15, -2/72 HPs)
             Began as a Deep Elf Fire Elementalist on May 16, 2018.
             Was the Champion of Vehumet.
             Killed from afar by a shock serpent (23 damage)
             ... with a bolt of electricity
             ... on level 1 of the Snake Pit.
             The game lasted 01:22:54 (11392 turns).

4thArraOfDagon the Scorcher (DEFE)                 Turns: 11392, Time: 01:22:55

Health: -2/72      AC: 13    Str:  4    XL:     15   Next: 73%
Magic:  4/46       EV:  9    Int: 30    God:    Vehumet [******]
Gold:   1253       SH:  0    Dex: 18    Spells: 6/46 levels left

rFire    . . .     SeeInvis .   h - +8 whip "Soistrid" {protect, +Inv Str+2 Int+3}
rCold    . . .     Gourm    .   (no shield)
rNeg     . . .     Faith    .   r - +0 swamp dragon scales
rPois    +         Spirit   .   (helmet restricted)
rElec    .         Reflect  .   g - +2 cloak
rCorr    .         Harm     .   V - +2 pair of gloves
MR       +++++     Clarity  +   (no boots)
Stlth    +.........             l - amulet of False Pretenses {MR+++ Regen+ Str-3 Dex+3 Stlth-}
HPRegen  0.62/turn              N - ring of protection from magic
MPRegen  0.30/turn              v - ring of magical power

@: about to teleport
A: antennae 1, clarity, magic resistance 1, MP-powered wands
}: 1/15 runes: decaying
a: Renounce Religion, Evoke Invisibility


You were on level 1 of the Snake Pit.
You worshipped Vehumet.
Vehumet was exalted by your worship.
You were not hungry.

You visited 5 branches of the dungeon, and saw 26 of its levels.
You also visited: Volcano.

You collected 1697 gold pieces.
You spent 444 gold pieces at shops.

Inventory:

Hand Weapons
 h - the +8 whip "Soistrid" (weapon) {protect, +Inv Str+2 Int+3}
   (You found it on level 5 of the Dungeon)

   It protects the one who uses it against injury (+AC on strike).
   It affects your strength (+2).
   It affects your intelligence (+3).
   It lets you turn invisible.
 k - a +0 bardiche
 C - the +2 falchion "Fydwylom" {protect, rElec rN+ Str-4 Int+4}
   (You found it on level 1 of the Lair of Beasts)

   It protects the one who uses it against injury (+AC on strike).
   It affects your strength (-4).
   It affects your intelligence (+4).
   It insulates you from electricity.
   It protects you from negative energy.
Armour
 a - a +0 robe
 e - +0 acid dragon scales
 g - a +2 cloak (worn)
 r - +0 swamp dragon scales (worn)
 O - a +0 pair of gloves
 P - a +0 robe of fire resistance
 V - a +2 pair of gloves (worn)
Magical Staves
 q - an uncursed staff of air
 E - an uncursed staff of death
Jewellery
 l - the amulet of False Pretenses (around neck) {MR+++ Regen+ Str-3 Dex+3 Stlth-}
   (You found it on level 5 of the Dungeon)

   [amulet of regeneration]

   It affects your strength (-3).
   It affects your dexterity (+3).
   It affects your resistance to hostile enchantments.
   It increases your rate of regeneration.
   It makes you less stealthy.
 p - a +6 ring of strength
 t - an uncursed ring of protection from cold
 v - a ring of magical power (right hand)
 w - an uncursed ring of protection from cold
 x - an uncursed ring of protection from cold
 N - a ring of protection from magic (left hand)
Wands
 s - a wand of scattershot (6)
 u - a wand of polymorph (7)
 y - a wand of paralysis (9)
 B - a wand of iceblast (15)
 T - a wand of flame (50)
Scrolls
 d - 8 scrolls of remove curse
 o - 3 scrolls of noise
 A - a scroll of enchant armour {unknown}
 G - a scroll of amnesia
 I - a scroll of immolation
 J - 2 scrolls of teleportation
 R - a scroll of acquirement {unknown}
 S - a scroll of silence {unknown}
 U - a scroll of magic mapping
Potions
 b - 5 potions of flight
 i - 4 potions of curing
 j - 3 potions of lignification
 m - 3 potions of haste
 z - 3 potions of ambrosia
 D - 3 potions of brilliance
 F - a potion of mutation
 K - 4 potions of might
 L - 2 potions of invisibility
 M - 3 potions of cancellation
 Q - a potion of heal wounds
Miscellaneous
 f - a phial of floods
 n - a box of beasts
Comestibles
 c - 18 rations
 H - 3 chunks of flesh


   Skills:
 - Level 2.4 Dodging
 - Level 2.4 Stealth
 + Level 16.1 Spellcasting
 * Level 18.5 Conjurations
 * Level 18.7 Fire Magic


You had 6 spell levels left.
You knew the following spells:

 Your Spells              Type           Power        Failure   Level  Hunger
a - Flame Tongue          Conj/Fire      #####        0%          1    None
b - Conjure Flame         Conj/Fire      #######.     0%          3    None
c - Sticky Flame          Conj/Fire      #######.     1%          4    None
d - Fireball              Conj/Fire      #######...   1%          5    None
e - Orb of Destruction    Conj           #######...   1%          7    #####..
f - Freezing Cloud        Conj/Ice/Air   ######....   32%         6    ###....
g - Ignition              Fire           #######...   10%         8    ######.
h - Bolt of Fire          Conj/Fire      #######...   1%          6    ###....

Your spell library contained the following spells:

 Spells                   Type           Power        Failure   Level  Hunger
 Magic Dart               Conj           ####         0%          1    None
 Lightning Bolt           Conj/Air       ######....   1%          5    None
 Throw Flame              Conj/Fire      ######       0%          2    None
 Mephitic Cloud           Conj/Pois/Air  ######..     1%          3    None
 Ring of Flames           Chrm/Fire      ######....   91%         7    #####..
 Iskenderun's Mystic Bla  Conj           #######.     1%          4    None
 Summon Ice Beast         Ice/Summ       ###.....     75%         4    None
 Call Canine Familiar     Summ           ###.....     34%         3    None
 Summon Butterflies       Summ           ###.....     12%         1    None
 Shatter                  Erth           ###.......   100%        9    #######
 Static Discharge         Conj/Air       ######..     1%          3    None
 Tornado                  Air            ###.......   100%        9    #######
 Summon Hydra             Summ           ###.......   100%        7    #####..
 Inner Flame              Hex/Fire       ######..     1%          3    None
 Fulminant Prism          Conj/Hex       ######....   1%          4    None
 Dazzling Spray           Conj/Hex       ######       1%          3    None
 Force Lance              Conj/Tloc      ######..     1%          4    None
 Searing Ray              Conj           ######       0%          2    None
 Summon Mana Viper        Hex/Summ       ###.....     97%         5    None
 Poisonous Vapours        Pois/Air       ###...       17%         2    None


Dungeon Overview and Level Annotations

Branches:
Dungeon (14/15)            Temple (1/1) D:7            Lair (6/6) D:10
  Swamp (4/4) Lair:4        Snake (1/4) Lair:2        Slime (0/5) Lair:6
    Orc: D:9-12      Vaults: D:13-14

Altars:
Ashenzari
Cheibriados
Dithmenos
Elyvilon
Fedhas
Gozag
Hepliaklqana
Kikubaaqudgha
Makhleb
Nemelex Xobeh
Okawaru
Qazlal
Ru
Sif Muna
Trog
Uskayaw
Vehumet
Wu Jian
Xom
Yredelemnul
Zin
The Shining One

Shops:
Snake:1 }![[

Annotations:
D:11 Azrael


Innate Abilities, Weirdness & Mutations

You have a pair of small antennae on your head.
You possess an exceptional clarity of mind.
You are resistant to hostile enchantments. (MR+)
You expend magic power (3 MP) to strengthen your wands.


Message History

Unknown command.
You are feeling hungry.
Unknown command.
You feel sick.
You are no longer poisoned.
Unknown command.
Unknown command.
Eat one of 4 chunks of flesh? (ye/n/q)
You eat one of the 4 chunks of flesh.
This raw flesh tastes terrible.
Unknown command.
An anaconda comes into view.
The anaconda hisses angrily.
Unknown command.
As you read the scroll of teleportation, it crumbles to dust.
You feel strangely unstable.
Unknown command.
Unknown command.
The shock serpent shoots out a bolt of lightning at you!
The bolt of electricity hits you!
You die...

# ##..♣.♣.♣.♣.# #.(....## ##
##....∩...∩..# ##N........
.##.....♣.♣.♣.♣.###
##†..###....
......#....#......###N..##
###.
.....##.♣.♣.♣.♣....#.S.##
##..##...∩...∩..........## #
......♣.♣.♣.♣.#........#
#...............#.........#
.............###@..........#
............####.............
.#....#....####.........###..
###........# #.........##
#....#...###S........#
##........#.).......##
###........)..........#
#......†.).^.)........#
...........).†........#


You could see a naga sharpshooter, an anaconda, a shock serpent and a naga.

Vanquished Creatures
  A thorn hunter (Swamp:3)
  Aizul (Swamp:4)
  Snorg (D:14)
  A fire dragon (Lair:6)
  An ogre mage (Volcano)
  22 hydras
  An anaconda (Snake:1)
  A centaur warrior (D:13)
  2 ghost crabs (Swamp:3)
  Erica (D:11)
  8 alligators
  5 two-headed ogres
  3 death yaks (Lair:6)
  A tengu warrior (D:13)
  4 unseen horrors
  10 swamp dragons
  2 naga ritualists (Snake:1)
  Pikel (D:7)
  4 shambling mangroves
  A lindwurm (Lair:6)
  4 oklob plants (Lair:2)
  A cyclops (D:12)
  An ugly thing (D:12)
  3 manticores
  2 salamanders (Snake:1)
  Maurice (D:8)
  7 black mambas
  2 naga magi (Snake:1)
  3 molten gargoyles
  A torpor snail (Lair:6)
  2 gargoyles
  3 kobold demonologists
  10 spiny frogs
  8 rime drakes
  6 komodo dragons
  A troll (D:14)
  8 tyrant leeches
  A polar bear (Lair:6)
  8 hornets
  12 hippogriffs
  A bog body (Swamp:3)
  7 dream sheep (Lair:6)
  11 blink frogs
  10 slime creatures
  A vampire (D:12)
  12 wyverns
  29 yaks
  A spriggan (Swamp:3)
  2 fire bats (Volcano)
  12 basilisks
  Eustachio (D:4)
  Grum (D:11)
  A hungry ghost (D:13)
  8 vampire mosquitoes
  2 steam dragons
  An acid dragon (D:11)
  5 nagas
  9 swamp worms
  11 water moccasins
  8 porcupines
  6 hell hounds
  6 swamp drakes (Swamp:4)
  9 orc warriors
  3 black bears
  3 sky beasts
  5 ice beasts
  3 phantoms
  6 ogres
  2 centaurs
  14 wolves
  9 crocodiles
  3 big kobolds
  17 bullfrogs
  A wyvern skeleton (D:13)
  A wyvern zombie (D:11)
  4 scorpions
  11 wights
  8 killer bees
  3 howler monkeys
  2 crimson imps
  10 lava snakes
  A centaur zombie (D:10)
  A bullfrog zombie (D:7)
  A gnoll shaman (D:6)
  5 hounds
  17 jellies
  9 orc priests
  Crazy Yiuf (D:3)
  A centaur skeleton (D:5)
  A bullfrog skeleton (D:12)
  4 iguanas
  17 orc wizards
  2 hell rats (Lair:6)
  12 worker ants
  A hound zombie (D:5)
  3 hound skeletons
  4 gnolls
  15 adders
  6 river rats (Lair:6)
  8 shadow imps
  2 oozes
  An adder skeleton (D:8)
  An adder zombie (D:5)
  A worm (D:2)
  2 dart slugs (D:2)
  2 leopard geckos (D:9)
  70 orcs
  4 giant cockroaches
  2 goblins (D:3)
  7 hobgoblins
  17 jackals
  3 quokkas
  5 bats
  3 frilled lizards
  A jackal skeleton (D:6)
  6 kobolds
  2 leopard gecko skeletons
  A quokka skeleton (D:6)
  3 rats
  A bush (Lair:6)
  3 fungi
  2 plants (Lair:2)
662 creatures vanquished.

Vanquished Creatures (collateral kills)
  A thorn hunter (Swamp:4)
  A swamp drake (Swamp:4)
2 creatures vanquished.

Vanquished Creatures (others)
  A bullfrog (D:7)
  A worker ant (D:7)
  A river rat (Lair:6)
  19 fungi
  8 plants
30 creatures vanquished.

Grand Total: 694 creatures vanquished

Notes
Turn   | Place    | Note
-------+----------+-------------------------------------------
     0 | D:1      | 4thArraOfDagon the Deep Elf Fire Elementalist began the quest for the Orb.
     0 | D:1      | Reached XP level 1. HP: 10/10 MP: 6/6
    18 | D:2      | Found a snail-covered altar of Cheibriados.
    75 | D:2      | Found a hazy altar of Hepliaklqana.
    77 | D:2      | :/
    83 | D:2      | Reached XP level 2. HP: 9/15 MP: 0/8
   247 | D:3      | Reached XP level 3. HP: 8/19 MP: 1/10
   256 | D:3      | Gained mutation: You expend magic power (3 MP) to strengthen your wands. [potion of mutation]
   256 | D:3      | Gained mutation: You are resistant to hostile enchantments. (MR+) [potion of mutation]
   256 | D:3      | Gained mutation: You have a pair of small antennae on your head. [potion of mutation]
   256 | D:3      | Gained mutation: You possess an exceptional clarity of mind. [potion of mutation]
   277 | D:3      | Learned a level 3 spell: Conjure Flame
   306 | D:3      | Found an iron altar of Okawaru.
   307 | D:3      | :/
   434 | D:3      | veh plzz
   458 | D:3      | Found a faded altar of an unknown god.
   505 | D:3      | Reached XP level 4. HP: 11/24 MP: 4/11
   512 | D:3      | Learned a level 4 spell: Sticky Flame
   584 | D:4      | Noticed Eustachio
   652 | D:5      | Entered Level 5 of the Dungeon
   826 | D:5      | Reached XP level 5. HP: 18/28 MP: 5/13
   864 | D:5      | Got an ebony whip
   881 | D:5      | Found a hazy altar of Hepliaklqana.
   897 | D:5      | rotfl
   969 | D:5      | Reached skill level 5 in Fire Magic
   993 | D:6      | Noticed a phantom
  1022 | D:6      | Killed a phantom
  1022 | D:6      | Reached XP level 6. HP: 9/32 MP: 0/15
  1239 | D:6      | Reached skill level 5 in Spellcasting
  1275 | D:7      | Learned a level 5 spell: Fireball
  1309 | D:7      | Reached skill level 5 in Conjurations
  1310 | D:7      | Noticed Pikel
  1339 | D:7      | Killed Pikel
  1339 | D:7      | Reached XP level 7. HP: 25/36 MP: 9/18
  1361 | D:7      | Found a staircase to the Ecumenical Temple.
  1372 | Temple   | Entered the Ecumenical Temple
  1379 | Temple   | Became a worshipper of Vehumet
  1475 | D:6      | Found a bloodstained altar of Trog.
  1477 | D:6      | Found a hide-covered altar of Uskayaw.
  1477 | D:6      | Found a blossoming altar of Fedhas.
  1477 | D:6      | Found a sparkling altar of Nemelex Xobeh.
  1477 | D:6      | Found a deep blue altar of Sif Muna.
  1503 | D:6      | Reached XP level 8. HP: 29/41 MP: 1/19
  1532 | D:6      | Found a shimmering altar of Xom.
  1616 | D:5      | Got a glittering graven amulet
  1620 | D:5      | Identified the amulet of False Pretenses {MR+++ Regen+ Str-3 Dex+3 Stlth-} (You found it on level 5 of the Dungeon)
  1889 | D:4      | Reached * piety under Vehumet
  1889 | D:4      | Offered knowledge of Sting by Vehumet.
  2089 | D:4      | Killed Eustachio
  2338 | D:3      | Identified the +8 whip "Soistrid" {protect, +Inv Str+2 Int+3} (You found it on level 5 of the Dungeon)
  2354 | D:3      | Found a runed door.
  2358 | D:3      | Noticed Crazy Yiuf
  2365 | D:3      | Killed Crazy Yiuf
  2468 | D:4      | Offered knowledge of Shock by Vehumet.
  2477 | D:4      | Reached ** piety under Vehumet
  2543 | D:6      | Reached XP level 9. HP: 45/45 MP: 17/22
  2708 | D:7      | Found a white marble altar of Elyvilon.
  2941 | D:8      | Noticed Maurice
  2949 | D:8      | :O
  2954 | D:8      | Killed Maurice
  2958 | D:8      | :O
  3012 | D:8      | Noticed a two-headed ogre
  3099 | D:8      | Killed a two-headed ogre
  3099 | D:8      | Offered knowledge of Static Discharge by Vehumet.
  3099 | D:8      | Reached skill level 10 in Fire Magic
  3272 | D:8      | Reached skill level 10 in Conjurations
  3310 | D:9      | Reached *** piety under Vehumet
  3310 | D:9      | Reached XP level 10. HP: 50/50 MP: 15/24
  3499 | D:9      | Noticed an unseen horror
  3504 | D:9      | Killed an unseen horror
  3649 | D:9      | Offered knowledge of Iskenderun's Mystic Blast by Vehumet.
  3763 | D:9      | Got a crude scale mail
  3803 | D:9      | Reached **** piety under Vehumet
  3849 | D:10     | Entered Level 10 of the Dungeon
  3909 | D:10     | Offered knowledge of Bolt of Magma by Vehumet.
  4074 | D:10     | Found a staircase to the Lair.
  4235 | D:12     | Reached skill level 10 in Spellcasting
  4273 | D:12     | Identified the cursed +0 scale mail of Curiosity {rElec Str+4 SInv} (You found it on level 9 of the Dungeon)
  4357 | D:11     | Noticed Grum
  4357 | D:11     | Reached ***** piety under Vehumet
  4362 | D:11     | Offered knowledge of Yara's Violent Unravelling by Vehumet.
  4362 | D:11     | Reached XP level 11. HP: 54/54 MP: 16/27
  4365 | D:11     | Killed Grum
  4367 | D:11     | Noticed Erica
  4535 | D:11     | Killed Erica
  4824 | D:12     | Learned a level 4 spell: Iskenderun's Mystic Blast
  4828 | D:12     | Noticed Azrael
  4830 | D:12     | :O
  4876 | D:12     | Noticed an unseen horror
  4882 | D:12     | Killed an unseen horror
  4910 | D:12     | Found an ornate altar of the Wu Jian Council.
  5058 | D:13     | Noticed a centaur warrior
  5069 | D:13     | Killed a centaur warrior
  5094 | D:13     | Noticed an unseen horror
  5101 | D:13     | Killed an unseen horror
  5166 | D:13     | Noticed an unseen horror
  5169 | D:13     | Killed an unseen horror
  5195 | D:13     | Noticed a tengu warrior
  5210 | D:13     | Killed a tengu warrior
  5286 | D:12     | Offered knowledge of Poison Arrow by Vehumet.
  5293 | D:12     | Reached XP level 12. HP: 56/59 MP: 29/29
  5517 | D:13     | Noticed a five-headed hydra
  5530 | D:13     | Killed a five-headed hydra
  5616 | D:14     | Noticed Snorg
  5649 | D:14     | Killed Snorg
  6170 | Lair:1   | Entered Level 1 of the Lair of Beasts
  6197 | Lair:1   | Identified the cursed +2 falchion "Fydwylom" {protect, rElec rN+ Str-4 Int+4} (You found it on level 1 of the Lair of Beasts)
  6217 | Lair:1   | Lost strength.
  6294 | Lair:2   | Noticed an eight-headed hydra
  6299 | Lair:2   | Killed an eight-headed hydra
  6435 | Lair:2   | Noticed a four-headed hydra
  6443 | Lair:2   | Killed a four-headed hydra
  6474 | Lair:2   | Lost strength.
  6524 | Lair:2   | Lost strength.
  6640 | Lair:2   | Found a staircase to the Snake Pit.
  6731 | Lair:3   | Learned a level 6 spell: Freezing Cloud
  6769 | Lair:3   | Learned a level 8 spell: Ignition
  6867 | Lair:4   | Reached XP level 13. HP: 40/63 MP: 27/31
  6872 | Lair:4   | Reached skill level 15 in Fire Magic
  6991 | Lair:4   | Found a dark tunnel.
  7006 | Volcano  | Entered a volcano
  7191 | Volcano  | Found a bloodstained altar of Trog.
  7197 | Volcano  | Reached skill level 15 in Conjurations
  7198 | Volcano  | Offered knowledge of Bolt of Fire by Vehumet.
  7275 | Volcano  | Noticed a red draconian
  7388 | Lair:4   | Learned a level 6 spell: Bolt of Fire
  7406 | Lair:4   | Lost strength.
  7757 | Lair:5   | Lost strength.
  7779 | Lair:5   | Lost strength.
  7858 | Lair:6   | Entered Level 6 of the Lair of Beasts
  8072 | Lair:6   | Lost strength.
  8085 | Lair:6   | Lost strength.
  8100 | Lair:6   | Lost strength.
  8114 | Lair:6   | Lost strength.
  8147 | Lair:6   | Offered knowledge of Spellforged Servitor by Vehumet.
  8167 | Lair:6   | Reached XP level 14. HP: 34/68 MP: 13/34
  8373 | Lair:6   | Lost strength.
  8430 | Lair:6   | Lost strength.
  8448 | Lair:6   | Lost strength.
  8491 | Lair:6   | Lost strength.
  8722 | Lair:6   | Offered knowledge of Orb of Destruction by Vehumet.
  8773 | Lair:6   | Learned a level 7 spell: Orb of Destruction
  8782 | Lair:6   | Found a staircase to the Slime Pits.
  8898 | Lair:6   | Lost strength.
  8915 | Lair:6   | Lost strength.
  8990 | Lair:6   | Found the +9 mace of Variability {chaos}
  8990 | Lair:6   | Found a large runed door.
  8990 | Lair:6   | Found a large runed door.
  8999 | Lair:6   | Lost strength.
  9014 | Lair:6   | Lost strength.
  9028 | Lair:6   | Lost strength.
  9183 | Lair:4   | Found a staircase to the Swamp.
  9191 | Swamp:1  | Entered Level 1 of the Swamp
  9324 | Swamp:2  | Lost strength.
  9339 | Swamp:2  | Lost strength.
  9477 | Swamp:2  | Paralysed by a hornet for 1 turns
  9478 | Swamp:2  | Reached ****** piety under Vehumet
  9495 | Swamp:2  | Lost strength.
  9511 | Swamp:2  | Lost strength.
  9546 | Swamp:1  | Offered knowledge of Bolt of Cold by Vehumet.
  9552 | Swamp:1  | Reached skill level 15 in Spellcasting
  9736 | Swamp:2  | Lost strength.
  9751 | Swamp:2  | Lost strength.
  9825 | Swamp:4  | Entered Level 4 of the Swamp
  9833 | Swamp:4  | Noticed a thorn hunter
  9846 | Swamp:3  | Lost strength.
  9863 | Swamp:3  | Lost strength.
  9942 | Swamp:3  | Reached XP level 15. HP: 70/72 MP: 8/36
  9992 | Swamp:3  | Lost strength.
 10093 | Swamp:3  | Noticed a thorn hunter
 10100 | Swamp:3  | Killed a thorn hunter
 10228 | Swamp:2  | Lost strength.
 10243 | Swamp:2  | Lost strength.
 10261 | Swamp:2  | Lost strength.
 10275 | Swamp:2  | Lost strength.
 10388 | Swamp:3  | Lost strength.
 10412 | Swamp:4  | Got a clouded amethyst amulet
 10422 | Swamp:4  | Noticed Aizul
 10428 | Swamp:4  | Killed Aizul
 10482 | Swamp:3  | Lost strength.
 10651 | Swamp:4  | Lost strength.
 10704 | Swamp:4  | Killed a thorn hunter
 10718 | Swamp:4  | Lost strength.
 10738 | Swamp:4  | Lost strength.
 10847 | Swamp:4  | Lost strength.
 10896 | Swamp:4  | Offered knowledge of Iron Shot by Vehumet.
 10922 | Swamp:4  | Identified the amulet of Zykoplot {Inacc rElec Int+3 Dex-5 Stlth+} (You found it on level 4 of the Swamp)
 10961 | Swamp:4  | Got a decaying rune of Zot
 11196 | Snake:1  | Entered Level 1 of the Snake Pit
 11265 | Snake:1  | Lost strength.
 11315 | Snake:1  | Found Irasti Haumi's Antique Armour Emporium.
 11315 | Snake:1  | Found Kotixaof's Distillery.
 11315 | Snake:1  | Found Kibb's Gadget Emporium.
 11316 | Snake:1  | Found Duihin Uzunn's Antique Armour Emporium.
 11327 | Snake:1  | Bought a potion of heal wounds for 60 gold pieces
 11327 | Snake:1  | Bought a potion of curing for 36 gold pieces
 11327 | Snake:1  | Bought a potion of haste for 120 gold pieces
 11327 | Snake:1  | Bought a potion of curing for 36 gold pieces
 11327 | Snake:1  | Bought 2 potions of cancellation for 192 gold pieces
 11392 | Snake:1  | Killed from afar by a shock serpent

Vault maps used:
D:1:      dpeg_arrival_water_fire, hangedman_decor_push
D:2:      kennysheep_slug_shrine, lemuel_crystal_altar, uniq_terence
D:3:      minmay_wonky_spiral, overflow_temple_1_default,
          chequers_ecumenical_altar_twisty, kennysheep_generic_room_6,
          uniq_crazy_yiuf_cottage
D:4:      corexii_shack, uniq_eustachio
D:5:      first_ration, basic_altar
D:6:      grunt_temple_overflow_open, hangedman_abyss_or_decor_passed
D:7:      kennysheep_spiral_hall, elyvilon_altar_4,
          minmay_temple_entry_purple_smoke, the_bakery, uniq_pikel,
          uniq_prince_ribbit1
D:8:      uniq_maurice
D:9:      st_stairs_10
D:10:     minmay_lair_entry_lava, orc_0_dummy
D:11:     minmay_liquid_box, uniq_erica, uniq_grum
D:12:     basic_altar, uniq_azrael
D:13:     david_vaults_5
D:14:     minmay_misc_feat_tower, uniq_snorg
Temple:   nicolae_temple_no_exploring_needed
Lair:2:   minmay_snake_entry_guardpost_small, lemuel_fruit_tree,
          minmay_lair_oklob_chamber, grunt_megastairs_2
Lair:4:   minmay_swamp_entry_worms, enter_volcano_1,
          nicolae_quartered_pool_little, guppyfry_lair_drakes,
          serial_bayou_shore_b
Lair:5:   serial_bayou_lake_a, lemuel_fruit_fields
Lair:6:   cheibrodos_lair_end_hotspot, minmay_slime_entry_jelly_boxes,
          special_room, kennysheep_rathole
Swamp:1:  serial_swamp_ruin, evilmike_swamp_ruin_house_3,
          evilmike_swamp_ruin_rubble_2, evilmike_swamp_ruin_house_2,
          swamp_pool1, st_swamp_mini, uniq_nikola
Swamp:2:  evilmike_swamp_ruin_rubble_1, swamp_pool1
Swamp:3:  nicolae_swamp_stair_fork
Swamp:4:  swamp, uniq_aizul
Snake:1:  hangedman_cross_stitches, spider_trap, minmay_shop_grid_forest
Volcano:  volcano_lake

Skill      XL: |  1  2  3  4  5  6  7  8  9 10 11 12 13 14 15 |
---------------+----------------------------------------------+-----
Conjurations   | 2 3 4 6 8 10 11 13 14 16 17 18 | 18.5
Fire Magic     | 4 5 7 8 10 12 13 14 16 17 18 | 18.7
Spellcasting   | 4 6 7 8 10 11 12 14 15 16 | 16.1
Dodging        | |  2.4
Stealth        | |  2.4

Action                   |  1- 3 |  4- 6 |  7- 9 | 10-12 | 13-15 || total
-------------------------+-------+-------+-------+-------+-------++-------
Melee: Unarmed           |     2 |     1 |       |       |       ||     3
       Short sword       |       |     5 |    47 |       |       ||    52
       Whip              |       |       |    72 |   186 |   102 ||   360
       Bardiche          |       |       |       |     2 |     6 ||     8
 Cast: Flame Tongue      |    48 |    52 |    89 |    72 |    22 ||   283
       Sticky Flame      |       |     4 |    38 |    74 |    66 ||   182
       Conjure Flame     |       |     6 |     5 |    31 |     8 ||    50
       Fireball          |       |       |     2 |    93 |   104 ||   199
       Iskenderun's Myst |       |       |       |     4 |    31 ||    35
       Bolt of Fire      |       |       |       |       |    95 ||    95
       Freezing Cloud    |       |       |       |       |     3 ||     3
       Orb of Destructio |       |       |       |       |    53 ||    53
Evoke: Wand              |       |       |       |     3 |    14 ||    17
       Phantom mirror    |       |       |       |       |     1 ||     1
  Use: Scroll            |     2 |     5 |     4 |    17 |    14 ||    42
       Potion            |     2 |       |     2 |     1 |     7 ||    12
 Stab: Sleeping          |       |       |     1 |       |       ||     1
       Paralysed         |       |       |       |     2 |       ||     2
  Eat: Chunk             |       |     2 |    10 |    18 |    24 ||    54
       Ration            |       |       |       |     1 |     6 ||     7
Armor: Robe              |    12 |     3 |    38 |    72 |    71 ||   196
       Swamp dragon scal |       |       |       |       |    20 ||    20
Dodge: Dodged            |    33 |    16 |   105 |   197 |   192 ||   543

Table legend:
 A = Spawn XP
 B = Non-spawn XP
 C = Spawn XP percentage of total XP
 D = Spawn monster count
 E = Non-spawn monster count
 F = Spawn count percentage of total count
 G = Total turns spent on level
                    A         B        C        D         E        F      G
               +---------+---------+-------+---------+---------+-------+---------
         Total |       0 |  139791 |   0.0 |       0 |     658 |   0.0 | 11392
               +---------+---------+-------+---------+---------+-------+---------
           D:2 |       0 |      58 |   0.0 |       0 |      14 |   0.0 |   251
           D:3 |       0 |     247 |   0.0 |       0 |      21 |   0.0 |   573
           D:4 |       0 |     814 |   0.0 |       0 |      22 |   0.0 |   487
           D:5 |       0 |     442 |   0.0 |       0 |      22 |   0.0 |   588
           D:6 |       0 |     936 |   0.0 |       0 |      21 |   0.0 |   616
           D:7 |       0 |     826 |   0.0 |       0 |      11 |   0.0 |   299
           D:8 |       0 |    2271 |   0.0 |       0 |      19 |   0.0 |   546
           D:9 |       0 |    2775 |   0.0 |       0 |      52 |   0.0 |   456
          D:10 |       0 |     924 |   0.0 |       0 |      21 |   0.0 |   541
          D:11 |       0 |    4208 |   0.0 |       0 |      47 |   0.0 |   627
          D:12 |       0 |    4596 |   0.0 |       0 |      42 |   0.0 |   525
          D:13 |       0 |    7820 |   0.0 |       0 |      33 |   0.0 |   610
          D:14 |       0 |    1504 |   0.0 |       0 |       3 |   0.0 |    18
        Lair:1 |       0 |    1783 |   0.0 |       0 |       9 |   0.0 |   160
        Lair:2 |       0 |    8100 |   0.0 |       0 |      23 |   0.0 |   426
        Lair:3 |       0 |    1568 |   0.0 |       0 |       7 |   0.0 |   214
        Lair:4 |       0 |    6316 |   0.0 |       0 |      32 |   0.0 |   526
        Lair:5 |       0 |    6523 |   0.0 |       0 |      25 |   0.0 |   308
        Lair:6 |       0 |   24884 |   0.0 |       0 |     113 |   0.0 |  1233
       Swamp:1 |       0 |    5760 |   0.0 |       0 |      14 |   0.0 |   259
       Swamp:2 |       0 |    8900 |   0.0 |       0 |      20 |   0.0 |   537
       Swamp:3 |       0 |   13222 |   0.0 |       0 |      23 |   0.0 |   515
       Swamp:4 |       0 |   22521 |   0.0 |       0 |      36 |   0.0 |   562
       Snake:1 |       0 |    7090 |   0.0 |       0 |      15 |   0.0 |   196
       Volcano |       0 |    5703 |   0.0 |       0 |      13 |   0.0 |   286
               +---------+---------+-------+---------+---------+-------+---------
